 Dungeon Crawl Stone Soup version 0.21-a0-1-gaf3b9a5 (webtiles) character file.

9858 Gorglomux the Whirler (level 11, -1/78 HPs)
             Began as a Halfling Hunter on May 20, 2017.
             Was an Elder of Okawaru.
             Slain by an eight-headed hydra (4 damage)
             ... on level 11 of the Dungeon.
             The game lasted 00:17:49 (13339 turns).

Gorglomux the Whirler (Halfling Hunter)            Turns: 13339, Time: 00:17:50

Health: -1/78      AC: 19    Str: 13    XL:     11   Next: 82%
Magic:  9/11       EV: 15    Int:  9    God:    Okawaru [****..]
Gold:   607        SH:  0    Dex: 19    Spells: 10/10 levels left

rFire    . . .     SeeInvis .   a - +1 hunting sling
rCold    . . .     Gourm    +   (shield restricted)
rNeg     . . .     Faith    .   X - +0 chain mail
rPois    +         Spirit   .   w - +0 helmet
rElec    .         Reflect  .   r - +0 cloak {rPois}
rCorr    .         Harm     .   k - +0 pair of gloves
MR       .....                  G - +1 pair of boots
Stlth    ++........             B - amulet of the gourmand {Gourm, !d}
Regen    0.3/turn               K - ring of flight {+Fly, !d}
MPRegen  0.2/turn               O - ring of poison resistance {rPois, !d}

@: heroism
A: mutation resistance 1
a: Heroism, Renounce Religion, Evoke Flight


You were on level 11 of the Dungeon.
You worshipped Okawaru.
Okawaru was greatly pleased with you.
You were completely stuffed.

You visited 2 branches of the dungeon, and saw 12 of its levels.

You collected 631 gold pieces.
You spent 24 gold pieces at shops.

Inventory:

Hand Weapons
 a - a +1 hunting sling (weapon)
 b - a +0 dagger of electrocution
   (You took it off an orc wizard on level 5 of the Dungeon)
Missiles
 d - 42 sling bullets (quivered)
 e - 299 stones
 N - 5 tomahawks of dispersal {=f}
 P - a throwing net {=f, !d}
Armour
 k - a +0 pair of gloves (worn)
   (You found it on level 1 of the Dungeon)
 r - a +0 cloak of poison resistance (worn)
   (You took it off Crazy Yiuf on level 2 of the Dungeon)
 w - a +0 helmet (worn)
   (You took it off Robin on level 3 of the Dungeon)
 G - a +1 pair of boots (worn)
   (You found it on level 4 of the Dungeon)
 X - a +0 chain mail (worn)
   (You found it on level 10 of the Dungeon)
Jewellery
 A - an uncursed ring of magical power {MP+9}
   (You found it on level 3 of the Dungeon)
 B - an amulet of the gourmand (around neck) {Gourm, !d}
   (You found it on level 3 of the Dungeon)
 K - a ring of flight (left hand) {+Fly, !d}
   (You found it on level 11 of the Dungeon)
 O - a ring of poison resistance (right hand) {rPois, !d}
   (You found it on level 7 of the Dungeon)
Wands
 o - a wand of digging (5/24)
   (You found it on level 2 of the Dungeon)
 E - a wand of flame (43/48)
   (You found it on level 10 of the Dungeon)
 F - a wand of polymorph (6/24)
   (You found it on level 4 of the Dungeon)
Scrolls
 i - a scroll of summoning {unknown}
 m - a scroll of identify
 n - 2 scrolls of recharging {unknown}
 s - 3 scrolls of magic mapping {unknown}
 u - a scroll of fog
 x - 6 scrolls of fear
 y - 2 scrolls of enchant weapon {unknown}
 C - 7 scrolls of teleportation
 I - 3 scrolls of remove curse
 J - a scroll of torment {!r}
 L - 2 scrolls of blinking {!r}
 Q - 2 scrolls of amnesia {unknown}
 R - a scroll of vulnerability {unknown}
 S - 2 scrolls of random uselessness {unknown}
 U - 2 scrolls of enchant armour {unknown}
Potions
 c - 10 potions of degeneration {!q}
 j - 3 potions of flight
 l - 2 potions of might
 p - 2 potions of magic
 t - 3 potions of heal wounds
 v - 2 potions of mutation {!q}
 z - 3 potions of curing
 D - a potion of haste
 H - 2 potions of lignification {!q}
 T - a potion of brilliance
Miscellaneous
 Z - a fan of gales
   (You found it on level 10 of the Dungeon)
Comestibles
 f - 10 bread rations {@e1}
 g - 8 fruits
 h - 5 royal jellies
 q - 5 meat rations {@e2}


   Skills:
 * Level 8.3(13.3) Fighting
 + Level 16.6(21.6) Slings
 + Level 6.5(11.5) Armour
 + Level 6.4(11.4) Dodging
 + Level 6.5(11.5) Stealth


You had 10 spell levels left.
You didn't know any spells.

Dungeon Overview and Level Annotations

Branches:
Dungeon (11/15)            Temple (1/1) D:6            Lair (0/6) D:10
    Orc (0/2) D:11

Altars:
Ashenzari
Cheibriados
Dithmenos
Elyvilon
Fedhas
Gozag
Kikubaaqudgha
Nemelex Xobeh
Okawaru
Qazlal
Ru
Sif Muna
Trog
Uskayaw
Vehumet
Wu Jian
Xom
Yredelemnul
Zin
The Shining One

Shops:
D:10 =


Innate Abilities, Weirdness & Mutations

You are small and have problems with some larger weapons.
You are somewhat resistant to further mutation.


Message History

Found a stone staircase leading up.
You open the door.
There is an open door here.
You open the door.
There is an open door here.
You open the door.
There is an open door here.
As you open the door, it creaks loudly!
There is an open door here.
There is an open door here.
You open the door.
An eight-headed hydra comes into view.
The eight-headed hydra moves out of view.
There is an open door here.
The eight-headed hydra is too close now for your liking.
An eight-headed hydra is nearby!
Aim: an eight-headed hydra You shoot a stone.
The stone hits the eight-headed hydra.
Aim: an eight-headed hydra (lightly wounded)
You shoot a stone. The stone hits the eight-headed hydra!
There is an open door here.
You gain the combat prowess of a mighty hero.
The eight-headed hydra barely misses you.
The eight-headed hydra completely misses you.
The eight-headed hydra bites you but does no damage. x2
The eight-headed hydra barely misses you.
The eight-headed hydra bites you but does no damage. x2
The eight-headed hydra completely misses you.
Unknown command.
Aim: an eight-headed hydra (lightly wounded)
You shoot a sling bullet.
The sling bullet hits the eight-headed hydra!
The eight-headed hydra bites you but does no damage. x2
The eight-headed hydra bites you!
The eight-headed hydra closely misses you.
The eight-headed hydra bites you.
The eight-headed hydra barely misses you.
The eight-headed hydra completely misses you.
The eight-headed hydra bites you but does no damage.
Aim: an eight-headed hydra (moderately wounded)
You shoot a sling bullet.
The sling bullet hits the eight-headed hydra!
The eight-headed hydra closely misses you.
The eight-headed hydra bites you.
The eight-headed hydra bites you but does no damage.
The eight-headed hydra bites you.
The eight-headed hydra barely misses you.
The eight-headed hydra misses you.
The eight-headed hydra completely misses you.
The eight-headed hydra bites you.
Aim: an eight-headed hydra (heavily wounded)
You shoot a sling bullet.
The sling bullet hits the eight-headed hydra!
Aim: an eight-headed hydra (severely wounded)
You shoot a sling bullet.
The sling bullet hits the eight-headed hydra but does no damage.
The eight-headed hydra bites you.
The eight-headed hydra bites you but does no damage.
The eight-headed hydra bites you.
The eight-headed hydra bites you but does no damage.
The eight-headed hydra bites you. The eight-headed hydra bites you!
The eight-headed hydra closely misses you.
The eight-headed hydra bites you.
Aim: an eight-headed hydra (severely wounded)
You shoot a sling bullet.
The sling bullet hits the eight-headed hydra!
Aim: an eight-headed hydra (almost dead)
You shoot a sling bullet.
The sling bullet barely misses the eight-headed hydra.
The eight-headed hydra barely misses you.
The eight-headed hydra bites you but does no damage.
The eight-headed hydra bites you. x2; The eight-headed hydra misses you. x2
The eight-headed hydra barely misses you.
The eight-headed hydra bites you but does no damage.
Aim: an eight-headed hydra (almost dead)
You shoot a sling bullet.
The sling bullet hits the eight-headed hydra.
The eight-headed hydra closely misses you. x2
The eight-headed hydra misses you. x2
The eight-headed hydra bites you but does no damage.
The eight-headed hydra barely misses you.
The eight-headed hydra bites you.
* * * LOW HITPOINT WARNING * * *
The eight-headed hydra bites you.
* * * LOW HITPOINT WARNING * * *
Unknown command.
Aim: an eight-headed hydra (almost dead)
You shoot a sling bullet.
The sling bullet barely misses the eight-headed hydra.
Aim: an eight-headed hydra (almost dead)
You shoot a sling bullet.
The sling bullet hits the eight-headed hydra.
The eight-headed hydra bites you!
* * * LOW HITPOINT WARNING * * *
The eight-headed hydra completely misses you.
The eight-headed hydra barely misses you.
The eight-headed hydra bites you.
* * * LOW HITPOINT WARNING * * *
The eight-headed hydra bites you.
You die...

..........# #........
.........# +........
........# #........
....... #........ .....
#######'# .(. ######..#
#(## #))(...## #.D#
###(####### ######@##
#.....#.... #.......#
###...(.#.... #.......#
#.+....)#....
#.......###.#..........
#.......##..#....)#..#.
#.......#..##.....#..#.
#.......'.###.....#....
#.......### #.....#####
######'## ###'####


You could see an eight-headed hydra.

Vanquished Creatures
  Erica (D:9)
  A two-headed ogre (D:8)
  A centaur warrior (D:11)
  The ghost of NormalPerson7 the Frost Mage, a novice OgIE of Sif Muna (D:10)
  The ghost of Gorglomux the Slicer, a novice KoFi of Trog (D:5)
  Psyche (D:9)
  A kobold demonologist (D:11)
  A troll (D:11)
  A hippogriff (D:11)
  Sigmund (D:3)
  A wyvern (D:9)
  The ghost of Shinoi the Digger, an amateur GrEE (D:4)
  A swamp drake (D:11)
  6 orc warriors
  A black bear (D:10)
  4 ice beasts
  6 sky beasts
  4 phantoms
  3 ogres
  7 centaurs
  A necrophage (D:9)
  2 big kobolds
  5 bullfrogs
  4 scorpions
  8 wights
  A bullfrog zombie (D:5)
  A crimson imp (D:5)
  2 jellies
  6 hounds
  8 orc priests
  2 bullfrog skeletons (D:5)
  An iron imp (D:6)
  Crazy Yiuf (D:2)
  3 iguanas
  8 orc wizards
  7 worker ants
  2 hound zombies
  A hound skeleton (D:7)
  2 worker ant zombies
  Robin (D:3)
  10 gnolls
  13 adders
  3 shadow imps
  2 oozes
  An adder skeleton (D:10)
  A worm (D:4)
  4 dart slugs
  4 leopard geckos
  51 orcs
  2 ball pythons
  A bat zombie (D:5)
  2 giant cockroaches (D:1)
  15 goblins
  14 hobgoblins
  8 jackals
  6 quokkas
  7 bats
  3 frilled lizards (D:1)
  21 kobolds
  2 leopard gecko skeletons
  A leopard gecko zombie (D:5)
  10 rats
  A rat zombie (D:5)
  A butterfly (D:6)
  A fungus (D:2)
294 creatures vanquished.

Vanquished Creatures (others)
  A sky beast (D:5)
1 creature vanquished.

Grand Total: 295 creatures vanquished

Notes
Turn   | Place    | Note
-------+----------+-------------------------------------------
     0 | D:1      | Gorglomux the Halfling Hunter began the quest for the Orb.
     0 | D:1      | Reached XP level 1. HP: 14/14 MP: 1/1
    49 | D:1      | Reached skill level 6 in Slings
   117 | D:1      | Reached XP level 2. HP: 15/19 MP: 2/2
   383 | D:1      | Reached skill level 7 in Slings
   383 | D:1      | Reached XP level 3. HP: 24/24 MP: 3/3
  1435 | D:2      | Reached XP level 4. HP: 29/29 MP: 4/4
  1763 | D:2      | Reached skill level 8 in Slings
  2168 | D:2      | Found a runed door.
  2173 | D:2      | Noticed Crazy Yiuf
  2179 | D:2      | Killed Crazy Yiuf
  2179 | D:2      | Reached XP level 5. HP: 13/34 MP: 5/5
  2391 | D:3      | Noticed Sigmund
  2405 | D:3      | Killed Sigmund
  2405 | D:3      | Reached skill level 10 in Slings
  2405 | D:3      | Reached XP level 6. HP: 34/39 MP: 6/6
  2744 | D:3      | Noticed Robin
  2756 | D:3      | Killed Robin
  2756 | D:3      | Reached XP level 7. HP: 42/44 MP: 7/7
  2757 | D:3      | Reached skill level 11 in Slings
  2895 | D:3      | Found a white marble altar of Elyvilon.
  3417 | D:4      | Noticed Shinoi's ghost (amateur GrEE)
  3428 | D:4      | Killed Shinoi's ghost
  3729 | D:4      | Reached skill level 12 in Slings
  3826 | D:5      | Entered Level 5 of the Dungeon
  3904 | D:5      | Found a stormy altar of Qazlal.
  4070 | D:5      | Reached XP level 8. HP: 49/49 MP: 8/8
  4230 | D:5      | Reached skill level 13 in Slings
  4244 | D:5      | HP: 10/49 [orc wizard/dagger of electrocution (9)]
  4295 | D:5      | Noticed Gorglomux's ghost (novice KoFi)
  4827 | D:5      | Killed Gorglomux's ghost
  4827 | D:5      | Reached skill level 14 in Slings
  5238 | D:5      | Reached XP level 9. HP: 54/54 MP: 9/9
  5254 | D:5      | Noticed a two-headed ogre
  5298 | D:5      | Reached skill level 2 in Fighting
  5580 | D:5      | Reached skill level 15 in Slings
  5945 | D:5      | Reached skill level 3 in Fighting
  6303 | D:5      | Found an ancient bone altar of Kikubaaqudgha.
  6552 | D:6      | Found a staircase to the Ecumenical Temple.
  6557 | Temple   | Entered the Ecumenical Temple
  6682 | Temple   | Became a worshipper of Warmaster Okawaru
  6763 | D:6      | Found a glowing golden altar of the Shining One.
  6833 | D:6      | Reached skill level 4 in Fighting
  6889 | D:6      | Found a snail-covered altar of Cheibriados.
  6994 | D:6      | Found a shadowy altar of Dithmenos.
  7018 | D:6      | Reached skill level 2 in Stealth
  7027 | D:6      | Reached skill level 1 in Armour
  7093 | D:6      | Found a shimmering altar of Xom.
  7646 | D:6      | Reached skill level 3 in Dodging
  7724 | D:7      | Reached skill level 3 in Stealth
  7851 | D:7      | Reached * piety under Okawaru
  7959 | D:7      | Reached skill level 5 in Fighting
  7960 | D:7      | Reached skill level 2 in Armour
  8223 | D:7      | Reached XP level 10. HP: 50/66 MP: 10/10
  8328 | D:7      | Noticed a dagger
  8329 | D:7      | Found a hide-covered altar of Uskayaw.
  8330 | D:7      | Noticed a dagger
  8766 | D:7      | Found a bloodstained altar of Trog.
  8838 | D:8      | Noticed a two-headed ogre
  8855 | D:8      | HP: 11/66 [two-headed ogre/giant club (6)]
  8856 | D:8      | Killed a two-headed ogre
  8856 | D:8      | Reached skill level 3 in Armour
  8856 | D:8      | Reached skill level 4 in Dodging
  8856 | D:8      | Reached skill level 4 in Stealth
  9167 | D:8      | Reached skill level 6 in Fighting
  9301 | D:8      | Reached ** piety under Okawaru
  9517 | D:8      | Found a glowing silver altar of Zin.
  9518 | D:8      | Found an opulent altar of Gozag.
  9631 | D:8      | Reached skill level 4 in Armour
  9977 | D:8      | Reached skill level 16 in Slings
  9977 | D:8      | Reached skill level 5 in Dodging
 10421 | D:9      | Noticed Erica
 10458 | D:9      | Killed Erica
 10458 | D:9      | Reached *** piety under Okawaru
 10458 | D:9      | Reached skill level 7 in Fighting
 10458 | D:9      | Reached skill level 5 in Armour
 10458 | D:9      | Reached skill level 5 in Stealth
 10458 | D:9      | Reached XP level 11. HP: 75/75 MP: 11/11
 10473 | D:9      | Noticed Psyche
 10491 | D:9      | Killed Psyche
 11340 | D:10     | Entered Level 10 of the Dungeon
 11456 | D:10     | Found a staircase to the Lair.
 11723 | D:10     | Noticed NormalPerson7's ghost (novice OgIE)
 11752 | D:10     | Killed NormalPerson7's ghost
 11752 | D:10     | Reached **** piety under Okawaru
 11752 | D:10     | Received a gift from Okawaru
 11752 | D:10     | Reached skill level 6 in Stealth
 11866 | D:10     | Found Yczoewkatesk's Jewellery Shop.
 11874 | D:10     | Bought a cursed amulet of inaccuracy for 24 gold pieces
 12094 | D:10     | Reached skill level 8 in Fighting
 12159 | D:10     | Reached skill level 6 in Dodging
 12438 | D:11     | Received a gift from Okawaru
 12507 | D:11     | Noticed a centaur warrior
 12525 | D:11     | Killed a centaur warrior
 12525 | D:11     | Reached skill level 6 in Armour
 12532 | D:11     | HP: 19/77 [troll (1)]
 12814 | D:11     | Gorglomux: !apt ha
 12814 | D:11     | beem: Ha: Fighting: -1, Short: 2, Long: 0, Axes: 0, Maces: -1, Polearms: -1, Staves: -2, Slings: 4!, Bows: 1, Xbows: 1, Throw: 0, Armour: 1, Dodge: 1, Stealth: 2, Shields: 1, UC: -2*, Splcast: -3, Conj: -2, Hexes: -2, Charms: 1, Summ: -2, Nec: -2, Tloc: 1, Tmut: -4*, Fire: 0, Ice: 0, Air: 0, Earth: 0, Poison: 0, Inv: 1, Evo: 0, Exp: 1!, HP: -1, MP: 0
 12814 | D:11     | Gorglomux: !apt hu
 12814 | D:11     | beem: Hu: Fighting: 0, Short: 0, Long: 0, Axes: 0, Maces: 0, Polearms: 0, Staves: 0, Slings: 0, Bows: 0, Xbows: 0, Throw: 0, Armour: 0, Dodge: 0, Stealth: 1, Shields: 0, UC: 0, Splcast: -1, Conj: 0, Hexes: 0, Charms: 0, Summ: 0, Nec: 0, Tloc: 0, Tmut: 0, Fire: 0, Ice: 0, Air: 0, Earth: 0, Poison: 0, Inv: 1, Evo: 0, Exp: 1!, HP: 0, MP: 0
 13179 | D:11     | Found a staircase to the Orcish Mines.
 13324 | D:11     | Noticed an eight-headed hydra
 13337 | D:11     | HP: 19/78 [eight-headed hydra (2)]
 13339 | D:11     | HP: 9/78 [eight-headed hydra (10)]
 13339 | D:11     | HP: 3/78 [eight-headed hydra (6)]
 13339 | D:11     | Slain by an eight-headed hydra

Vault maps used:
D:1:      dpeg_arrival_rhombi
D:2:      chequers_big_river, minmay_rat_gold_closets, uniq_crazy_yiuf_cottage
D:3:      elyvilon_altar_1, uniq_sigmund, uniq_robin
D:4:      cheibrodos_thug_alley
D:5:      kennysheep_windowed_halls, kennysheep_little_box,
          lemuel_zombie_altar_kikubaaqudgha, first_bread
D:6:      lemuel_coloured_pillars_altar, slow_altar_1, xom_butterflies,
          grunt_dithmenos_shadows, minmay_temple_entry_grid
D:7:      kb_forest_paths, lightli_temple_of_fire, dancing_weapons_uskayaw
D:8:      grunt_temple_overflow_gold_and_silver
D:9:      uniq_erica, uniq_psyche
D:10:     lair_entry_dummy, serial_shops, nicolae_shop_stone
D:11:     erik_orc_1, special_room
Temple:   minmay_temple_curvy_loop

Skill      XL: |  1  2  3  4  5  6  7  8  9 10 11 |
---------------+----------------------------------+-----
Slings         | 6 7 8 10 12 14 15 16 | 16.6
Fighting       | 5 7 8 |  8.3
Stealth        | 3 5 6 |  6.5
Armour         | 2 5 6 |  6.5
Dodging        | 3 5 6 |  6.4

Action                   |  1- 3 |  4- 6 |  7- 9 | 10-12 || total
-------------------------+-------+-------+-------+-------++-------
Melee: Short sword       |       |    10 |       |       ||    10
       Hunting sling     |       |       |     1 |       ||     1
 Fire: Hunting sling     |    78 |   145 |   607 |   821 ||  1651
Throw: Stone             |       |       |     7 |       ||     7
Invok: Heroism           |       |       |     1 |     7 ||     8
  Use: Scroll            |       |       |     9 |     4 ||    13
       Potion            |       |       |     3 |       ||     3
  Eat: Chunk             |     1 |     4 |    21 |    19 ||    45
Armor: Leather armour    |     4 |     5 |    44 |    22 ||    75
       Chain mail        |       |       |       |    73 ||    73
Dodge: Dodged            |     9 |    19 |   106 |   166 ||   300

Vault maps used:
D:1:      dpeg_arrival_rhombi
D:2:      chequers_big_river, minmay_rat_gold_closets, uniq_crazy_yiuf_cottage
D:3:      elyvilon_altar_1, uniq_sigmund, uniq_robin
D:4:      cheibrodos_thug_alley
D:5:      kennysheep_windowed_halls, kennysheep_little_box,
          lemuel_zombie_altar_kikubaaqudgha, first_bread
D:6:      lemuel_coloured_pillars_altar, slow_altar_1, xom_butterflies,
          grunt_dithmenos_shadows, minmay_temple_entry_grid
D:7:      kb_forest_paths, lightli_temple_of_fire, dancing_weapons_uskayaw
D:8:      grunt_temple_overflow_gold_and_silver
D:9:      uniq_erica, uniq_psyche
D:10:     lair_entry_dummy, serial_shops, nicolae_shop_stone
D:11:     erik_orc_1, special_room
Temple:   minmay_temple_curvy_loop

Table legend:
 A = Turns spent in this place as a percentage of turns spent in the entire game.
 B = Non-inter-level travel turns spent in this place as a percentage of non-inter-level travel turns spent in the entire game.
 C = Inter-level travel turns spent in this place as a percentage of turns spent in this place.
 D = Turns resting spent in this place as a percentage of non-inter-level travel turns spent in this place.
 E = Turns spent auto-exploring this place as a percentage of non-inter-level travel turns spent in this place.
 F = Non-inter-level travel turns spent in this place divided by the number of levels of this place that you've seen.
                   A       B       C       D       E      F
               +-------+-------+-------+-------+-------+----------------------
         Total | 100.0 | 100.0 |   0.4 |   1.0 |  11.1 | 332.7
       Dungeon |  99.6 |  99.7 |   0.4 |   1.0 |  10.9 | 361.7
        Temple |   0.4 |   0.3 |  13.3 |   0.0 |  69.2 |  13.0
               +-------+-------+-------+-------+-------+----------------------

Table legend:
 A = Kills in this place as a percentage of kills in entire the game.
 B = Kills by you in this place as a percentage of kills by you in the entire game.
 C = Kills by friends in this place as a percentage of kills by friends in the entire game.
 D = Other kills in this place as a percentage of other kills in the entire game.
 E = Experience gained in this place as a percentage of experience gained in the entire game.
 F = Experience gained in this place divided by the number of levels of this place that you have seen.
                   A       B       C       D       E      F
               +-------+-------+-------+-------+-------+----------------------
         Total | 100.0 | 100.0 |  -nan | 100.0 | 100.0 | 1173.7
       Dungeon | 100.0 | 100.0 |  -nan | 100.0 | 100.0 | 1280.4
               +-------+-------+-------+-------+-------+----------------------
